 Dungeon Crawl Stone Soup version 0.32-a0-473-gd044c6f0f0 (webtiles) character file.

Game seed: 3622799219749712768

24722 runemasterragnar the Thrower (level 12, -1/103 HPs)
             Began as a Coglin Gladiator on Feb 26, 2024.
             Was an Elder of Ru.
             Slain by Gastronok (30 damage)
             ... on level 10 of the Dungeon.
             The game lasted 00:19:23 (15666 turns).

runemasterragnar the Thrower (Coglin Gladiator)    Turns: 15666, Time: 00:19:25

Health: -1/103     AC: 12    Str: 19    XL:     12   Next: 15%
Magic:  9/12       EV:  9    Int:  7    God:    Ru [****..]
Gold:   382        SH:  0    Dex: 17    Spells: 11/11 levels left

rFire   . . .        G - +1 scimitar (flame) {Azuma}
rCold   + . .        n - +4 scimitar (elec) {Kaede}
rNeg    . . .        q - +3 scale mail
rPois   .            c - +0 helmet
rElec   +            K - +0 cloak
rCorr   .            (no gloves)
SInv    .            N - +0 pair of boots "Fuleul" {rElec rC+}
Will    .....        (no amulet) Stlth
                     (ring unavailable)
HPRegen 0.37/turn    (ring unavailable)
MPRegen 0.13/turn

%: no passive effects
@: exhausted, slowed, revved, very slow
A: inability to train dodging, no air magic, no conjurations magic, no hexes
magic, inexperienced 1, off-hand wielding, slow wielding, warmup strikes, no
rings
a: Renounce Religion, Draw Out Power, Power Leap


You were on level 10 of the Dungeon.
You worshipped Ru.
Ru was greatly pleased with you.
You visited 3 branches of the dungeon, and saw 14 of its levels.

You collected 695 gold pieces.
You spent 313 gold pieces at shops.

Inventory:

Hand Weapons
 a - a +1 long sword {Qinisela}
 b - a +0 short sword of speed {Akal}
 n - a +4 scimitar of electrocution (offhand) {Kaede}
 C - a +0 whip of flaming
 F - a +2 war axe of flaming
 G - a +1 scimitar of flaming (weapon) {Azuma}
 L - a +4 war axe of freezing
 Q - the +1 dagger of Booriph {flame, Str+3 Int+3}
   (You found it on level 10 of the Dungeon)

   Str+3:     It affects your strength (+3).
   Int+3:     It affects your intelligence (+3).
Missiles
 d - 3 throwing nets
 e - 5 javelins
 I - 15 poisoned darts
 R - 7 boomerangs (quivered)
 U - 2 darts of dispersal
 V - 5 datura-tipped darts
Armour
 c - a +0 helmet (worn)
 q - a +3 scale mail (worn)
 K - a +0 cloak (worn)
 N - the +0 pair of boots "Fuleul" (worn) {rElec rC+}
   (You bought it in a shop on level 8 of the Dungeon)

   rC+:       It protects you from cold.
   rElec:     It insulates you from electricity.
Jewellery
 s - an amulet of magic regeneration
Wands
 i - a wand of light (3)
 o - a wand of paralysis (8)
 y - a wand of digging (5)
 E - a wand of iceblast (16)
 O - a wand of polymorph (1)
 P - a wand of flame (8)
Scrolls
 g - 2 scrolls of immolation
 k - 8 scrolls of teleportation
 l - 3 scrolls of enchant weapon
 u - a scroll of vulnerability
 z - a scroll of fog {unknown}
 B - a scroll of amnesia {unknown}
 D - a scroll of blinking {unknown}
 J - a scroll of enchant armour {unknown}
 M - 2 scrolls of fear
Potions
 f - 2 potions of brilliance
 h - 2 potions of degeneration
 j - a potion of lignification
 m - 2 potions of ambrosia
 p - 5 potions of mutation
 r - 5 potions of curing
 t - a potion of heal wounds
 v - 3 potions of resistance
 w - a potion of haste
 x - a potion of attraction
 A - a potion of invisibility
 H - 2 potions of enlightenment
 S - a potion of might
Miscellaneous
 T - a lightning rod (4/4)
 W - a box of beasts


   Skills:
 + Level 12.9 Fighting
 - Level 13.2 Long Blades
 * Level 13.8 Throwing


You had 11 spell levels left.
You didn't know any spells.
Your spell library contained the following spells:

 Spells                   Type           Power      Damage    Failure   Level
 Blink                    Tloc           0%         N/A       92%         2
 Lesser Beckoning         Tloc           0%         N/A       92%         2
 Passwall                 Erth           0%         N/A       99%         3
 Vampiric Draining        Necr           0%         2d6       99%         3
 Animate Armour           Summ/Erth      0%         N/A       100%        4
 Ignite Poison            Fire/Alch      0%         N/A       100%        4
 Olgreb's Toxic Radiance  Alch           0%         N/A       100%        4
 Ozocubu's Refrigeration  Ice            0%         4d7       100%        7
 Magic Dart               Conj           Unusable   1d3       N/A         1
 Slow                     Hex            Unusable   N/A       N/A         1
 Cigotuvi's Dreadful Rot  Necr/Alch/Air  Unusable   N/A       N/A         2
 Ensorcelled Hibernation  Hex/Ice        Unusable   N/A       N/A         2
 Momentum Strike          Conj/Tloc      Unusable   3d8       N/A         2
 Searing Ray              Conj           Unusable   2d4       N/A         2
 Static Discharge         Conj/Air       Unusable   3-3/arc   N/A         2
 Confusing Touch          Hex            Unusable   N/A       N/A         3
 Sigil of Binding         Hex            Unusable   N/A       N/A         3
 Stone Arrow              Conj/Erth      Unusable   3d7       N/A         3
 Swiftness                Air            Unusable   N/A       N/A         3
 Airstrike                Air            Unusable   2d(0-16)  N/A         4
 Fulminant Prism          Conj/Alch      Unusable   3d5       N/A         4
 Summon Lightning Spire   Summ/Air       Unusable   N/A       N/A         4
 Freezing Cloud           Conj/Ice/Air   Unusable   6-21      N/A         5
 Discord                  Hex            Unusable   N/A       N/A         8
 Lehudib's Crystal Spear  Conj/Erth      Unusable   10d2      N/A         8

Dungeon Overview and Level Annotations

Branches:
Dungeon (10/15)            Temple (1/1) D:6            Lair (3/5) D:8
 Shoals (0/4) Lair:2
  Snake: Lair:2-3    Spider: Lair:2-3       Orc: D:9-12

Altars:
Ashenzari
Cheibriados
Dithmenos
Elyvilon
Fedhas
Gozag
Hepliaklqana
Kikubaaqudgha
Makhleb
Nemelex Xobeh
Okawaru
Qazlal
Ru
Sif Muna
Trog
Uskayaw
Vehumet
Wu Jian
Xom
Yredelemnul
Zin
The Shining One

Shops:
D:8 [

Annotations:
D:10 Gastronok


Innate Abilities, Weirdness & Mutations

You cannot train Dodging skill.
You cannot study or cast Air magic.
You cannot study or cast Conjurations magic.
You cannot study or cast Hexes magic.
You are somewhat inexperienced. (-1 XL)
You can wield a second weapon in your off-hand.
It takes a long time for you to wield or remove held weapons.
Your first few attacks do less damage.
Your grasper-arms cannot wear rings.


Message History

You hit the wraith with your +1 scimitar of flaming.
You burn the wraith.
The wraith is lightly damaged.
You slash the wraith with your +4 scimitar of electrocution!
You redirect the wraith's attack!
The wraith hits itself!
You slice the wraith with your +4 scimitar of electrocution!!
You destroy the wraith!
Gastronok bites you.
You hit Gastronok with your +4 scimitar of electrocution.
Gastronok is lightly wounded.
You hit Gastronok with your +1 scimitar of flaming.
You burn Gastronok. Gastronok bites you!
You hit Gastronok with your +4 scimitar of electrocution.
Lightning courses through Gastronok!
Gastronok is moderately wounded.
You slice Gastronok with your +1 scimitar of flaming!!
You burn Gastronok.
You hit Gastronok with your +1 scimitar of flaming.
You burn Gastronok.
Gastronok is heavily wounded.
You slash Gastronok with your +4 scimitar of electrocution!
Gastronok bites you!!
You slash Gastronok with your +1 scimitar of flaming!
You burn Gastronok.
Gastronok is severely wounded.
You slash Gastronok with your +4 scimitar of electrocution!
You slash Gastronok with your +1 scimitar of flaming!
You burn Gastronok.
Gastronok is almost dead.
You slash Gastronok with your +4 scimitar of electrocution!
Gastronok bites you!
* * * LOW HITPOINT WARNING * * *
You hit Gastronok but do no damage.
Gastronok is almost dead.
You completely miss Gastronok with your +4 scimitar of electrocution.
Gastronok bites you!!
You die...
Gastronok gurgles, "Let's see if you taste as good as that wizard did."
Ru respects your ultimate sacrifice.

.....#......)......#..#
.......#..#..).#...#..#
W$.....#..##...#...#
.......#.....###...#
W......##.........## #
#.......####......# ..#
#####...........###...#
#......)#####..$..#
######...@w.....#
#######...[..# #######


You could see Gastronok.

Vanquished Creatures
  Josephine (D:10)
  Fannar (Lair:2)
  4 hydras
  Erica (D:10)
  A skeletal warrior (D:10)
  Pikel (D:7)
  A cyclops (D:10)
  3 elephants (Lair:2)
  6 black mambas
  A merfolk siren (Lair:2)
  6 cane toads
  A smoke demon (D:9)
  Maggie (D:7)
  A rime drake (Lair:1)
  3 komodo dragons (Lair:1)
  A freezing wraith (D:9)
  A troll (D:10)
  4 polar bears (Lair:1)
  A hellwing (D:9)
  6 blink frogs (Lair:1)
  4 wraiths (D:10)
  3 wyverns
  21 yaks
  Grum (D:9)
  2 steam dragons (Lair:2)
  A basilisk (Lair:1)
  An acid dragon (D:9)
  9 water moccasins
  An orc warrior (D:7)
  2 ice beasts (D:6)
  2 sky beasts
  3 black bears
  3 ogres
  7 wolves
  3 centaurs
  A phantom (D:5)
  A lemure (D:7)
  A kobold brigand (D:10)
  Blork the orc (D:5)
  9 bullfrogs
  4 scorpions
  10 wights
  3 killer bees (D:8)
  7 electric eels
  4 jellies
  2 bombardier beetles (D:5)
  A gnoll bouda (D:6)
  3 orc priests
  Crazy Yiuf (D:7)
  4 hounds
  A sleepcap (D:6)
  4 orc wizards
  9 gnolls
  7 adders
  A shadow imp (D:6)
  2 white imps
  3 dart slugs
  5 ribbon worms
  26 orcs
  10 ball pythons
  4 bats
  4 endoplasms
  2 giant cockroaches (D:4)
  9 goblins
  6 hobgoblins
  16 kobolds
  A quokka (D:1)
  3 frilled lizards (D:2)
  4 rats
  A butterfly (Lair:2)
278 creatures vanquished.

Vanquished Creatures (others)
  A red devil (D:9)
1 creature vanquished.

Grand Total: 279 creatures vanquished

Notes
Turn   | Place    | Note
-------+----------+-------------------------------------------
     0 | D:1      | runemasterragnar the Coglin Gladiator began the quest for
                  | the Orb.
     0 | D:1      | Reached XP level 1. HP: 16/16 MP: 1/1
    64 | D:1      | Reached XP level 2. HP: 22/22 MP: 2/2
   715 | D:2      | Reached XP level 3. HP: 27/28 MP: 3/3
   996 | D:2      | Reached XP level 4. HP: 31/34 MP: 4/4
  1690 | D:3      | Found a snail-covered altar of Cheibriados.
  1879 | D:3      | Found an ornate altar of the Wu Jian Council.
  2151 | D:4      | Reached XP level 5. HP: 35/41 MP: 5/5
  2252 | D:4      | Reached skill level 5 in Long Blades
  2577 | D:4      | Reached XP level 6. HP: 25/48 MP: 6/6
  2754 | D:4      | Found a basalt altar of Yredelemnul.
  3005 | D:4      | Found a stormy altar of Qazlal.
  3294 | D:5      | Entered Level 5 of the Dungeon
  3476 | D:5      | Reached XP level 7. HP: 55/55 MP: 7/7
  3792 | D:5      | Noticed Blork the orc
  3798 | D:5      | Killed Blork the orc
  3976 | D:5      | Reached skill level 5 in Fighting
  4412 | D:5      | Reached XP level 8. HP: 62/62 MP: 8/8
  5177 | D:6      | Reached XP level 9. HP: 71/71 MP: 9/9
  5776 | D:6      | Reached skill level 10 in Long Blades
  5946 | D:6      | Found a staircase to the Ecumenical Temple.
  5971 | Temple   | Entered the Ecumenical Temple
  5993 | Temple   | Became a worshipper of Ru the Awakened
  6270 | D:7      | Noticed Pikel
  6279 | D:7      | Killed Pikel
  6332 | D:7      | Found a glowing golden altar of the Shining One.
  6657 | D:7      | Noticed Maggie
  6666 | D:7      | Killed Maggie
  7070 | D:7      | Found a runed translucent door.
  7071 | D:7      | Noticed Crazy Yiuf
  7253 | D:7      | Paralysed by Crazy Yiuf for 1 turns
  7255 | D:7      | Killed Crazy Yiuf
  7256 | D:7      | Reached XP level 10. HP: 63/79 MP: 10/10
  7373 | D:8      | HP: 6/123 [poisoned by a killer bee]
  7581 | D:8      | Gained mutation: You cannot study or cast Air magic. [Ru
                  | sacrifice]
  7581 | D:8      | Gained mutation: You cannot study or cast Hexes magic. [Ru
                  | sacrifice]
  7581 | D:8      | Gained mutation: You cannot study or cast Conjurations
                  | magic. [Ru sacrifice]
  7581 | D:8      | Reached * piety under Ru
  7699 | D:8      | Found a staircase to the Lair.
  7920 | D:8      | Found Sofixzutigg's Antique Armour Shoppe.
  7931 | D:8      | Bought a pair of distressingly furry boots for 313 gold
                  | pieces
  7931 | D:8      | Identified the +0 pair of boots "Fuleul" {rElec rC+} (You
                  | bought it in a shop on level 8 of the Dungeon)
  8298 | D:9      | Found a shimmering altar of Xom.
  8309 | D:9      | Noticed Grum
  8318 | D:9      | Killed Grum
  8794 | D:9      | Found an iron altar of Okawaru.
  9766 | D:9      | Noticed a smoke demon
  9783 | D:9      | Killed a smoke demon
  9784 | D:9      | Reached XP level 11. HP: 90/90 MP: 11/11
  9964 | D:10     | Entered Level 10 of the Dungeon
  9970 | D:10     | Noticed Erica
  9971 | D:10     | Paralysed by Erica for 2 turns
  9979 | D:10     | Killed Erica
  9980 | D:10     | Reached skill level 10 in Fighting
  9980 | D:10     | Reached skill level 5 in Throwing
 10125 | D:10     | Found a radiant altar of Vehumet.
 10136 | D:10     | Found a shimmering blue altar of Sif Muna.
 10180 | D:10     | Identified the +1 dagger of Booriph {flame, Str+3 Int+3}
 10499 | D:10     | Noticed a skeletal warrior
 10499 | D:10     | Noticed a seven-headed hydra
 10570 | Lair:1   | Entered Level 1 of the Lair of Beasts
 10581 | Lair:1   | Gained mutation: You are somewhat inexperienced. (-1 XL)
                  | [Ru sacrifice]
 10581 | Lair:1   | Reached XP level 10. HP: 85/85 MP: 10/10
 10581 | Lair:1   | Reached ** piety under Ru
 11537 | Lair:1   | Reached skill level 10 in Throwing
 12185 | Lair:1   | Reached XP level 11. HP: 93/93 MP: 11/11
 13109 | Lair:2   | Found a staircase to the Shoals.
 13209 | Lair:2   | Noticed a five-headed hydra
 13225 | Lair:2   | Killed a three-headed hydra
 13503 | Lair:2   | Noticed Fannar
 13512 | Lair:2   | Killed Fannar
 13703 | Lair:2   | Gained mutation: You cannot train Dodging skill. [Ru
                  | sacrifice]
 13703 | Lair:2   | Reached *** piety under Ru
 13703 | Lair:2   | Reached **** piety under Ru
 14233 | Lair:2   | Noticed a four-headed hydra
 14247 | Lair:2   | Killed a five-headed hydra
 14931 | Lair:3   | Noticed a four-headed hydra
 14937 | Lair:3   | Killed a four-headed hydra
 15275 | D:10     | Reached XP level 12. HP: 75/103 MP: 12/12
 15620 | D:10     | Identified the +8 eveningstar of Adverse Possession {chaos,
                  | *Slow rCorr Dex+3}
 15637 | D:10     | Noticed Josephine
 15644 | D:10     | Noticed Gastronok
 15650 | D:10     | Killed Josephine
 15666 | D:10     | Slain by Gastronok

Illustrated notes

Levels and vault maps discovered:
D:1:      ncdulo_watergridlock, layout_basic, serial_forest,
          infiniplex_forest_clump_small, infiniplex_forest_zigzag_1,
          infiniplex_forest_clump_curved, infiniplex_forest_lined_ring,
          infiniplex_forest_lined_4_way, infiniplex_forest_end_2
D:2:      layout_basic, mrwooster_statue_mirror
D:3:      layout_rooms, lemuel_tele_altar, lemuel_coloured_pillars_altar
D:4:      layout_cave_pools, marbit_many_paths, serial_park,
          serial_park_avenue1, serial_park_square1
          [serial_park_minivault_5x5_5], serial_park_gazebo
          [serial_park_minivault_5x5_4], minivault_27
D:5:      minmay_razor_zed, layout_layer_cave, uniq_blork_the_orc
D:6:      layout_basic, temple_green, minmay_misc_feat_rugged
D:7:      layout_basic, mainiacjoe_overflow_24_doors, serial_bayou_crossing,
          uniq_pikel, uniq_crazy_yiuf_cottage, uniq_maggie
D:8:      layout_basic, lair_entry_dummy, serial_shops,
          nicolae_shop_hallway_stairs
D:9:      cheibrodos_two_vegetables, layout_irregular_city,
          overflow_temple_1_default, okawaru_trees_1,
          nicolae_where_there's_smoke, uniq_grum
D:10:     layout_rooms, amethyst_overflow_temple_binary, minmay_radiant,
          uniq_josephine, uniq_gastronok, uniq_erica
Temple:   jpeg_temple_clearing
Lair:1:   wad_woods_structure_01, layout_chaotic_city, serial_bayou_lagoon_a
Lair:2:   layout_gridlike, minmay_shoals_entry_lonely_mermaid, st_stairs_10,
          hangedman_lair_unloving_vines, chequers_serial_rivers_micro_b,
          lemuel_fruit_fields, uniq_fannar
Lair:3:   layout_cave_pods, nicolae_snake_entry_squirm,
          grunt_forest_large_clearings, infiniplex_staircase_pool_2,
          lemuel_fruit_fields

Skill      XL: |  1  2  3  4  5  6  7  8  9 10 11 |
---------------+----------------------------------+-----
Long Blades    | 4 5 6 7 9 11 13 | 13.2
Fighting       | 3 4 5 6 8 11 12 | 12.9
Throwing       | 11 13 | 13.8
Dodging        | 0 |  0.0

Action                     |  1- 3 |  4- 6 |  7- 9 | 10-12 || total
---------------------------+-------+-------+-------+-------++-------
  Melee: Long sword        |    86 |   205 |   234 |    99 ||   624
         Short sword       |       |    49 |   176 |       ||   225
         Scimitar          |       |       |    51 |   712 ||   763
  Throw: Boomerang         |       |       |       |    22 ||    22
         Dart              |       |       |       |    10 ||    10
         Javelin           |       |       |       |     5 ||     5
 Invoke: Sacrifice Arcana  |       |       |       |     1 ||     1
         Sacrifice Experie |       |       |       |     1 ||     1
         Sacrifice Nimblen |       |       |       |     1 ||     1
         Power Leap        |       |       |       |     1 ||     1
  Evoke: Wand              |       |       |       |     5 ||     5
         Lightning rod     |       |       |       |     1 ||     1
    Use: Scroll            |       |    10 |     2 |     9 ||    21
         Potion            |       |     1 |       |     7 ||     8
   Stab: Sleeping          |       |     1 |       |       ||     1
         Distracted        |       |     1 |       |       ||     1
         Invisible         |       |       |       |     2 ||     2
 Armour: Leather armour    |    56 |   103 |       |       ||   159
         Scale mail        |       |    47 |   178 |   359 ||   584
         Skin              |       |       |       |    39 ||    39
  Dodge: Dodged            |    56 |   143 |    95 |   147 ||   441

Table legend: (Time is in decaauts)
 A = Elapsed time spent in this place.
 B = Non-inter-level travel time spent in this place.
 C = Inter-level travel time spent in this place.
 D = Time resting spent in this place.
 E = Time spent auto-exploring this place.
 F = Levels seen in this place.
 G = Mean time per level.
                   A        B        C        D        E       F      G
               +--------+--------+--------+--------+--------+-----+--------+
         Total |  15611 |  14681 |    930 |   3149 |   9393 |  14 | 1115.1 |
       Dungeon |  11014 |  10619 |    395 |   2513 |   6456 |  10 | 1101.4 |
        Temple |     44 |      1 |     43 |      0 |      0 |   1 |   44.0 |
          Lair |   4552 |   4061 |    491 |    636 |   2937 |   3 | 1517.3 |
               +--------+--------+--------+--------+--------+-----+--------+

Top non-repeatable levels by time:
  Lair:1: 2145 daAuts
     D:9: 2064 daAuts
  Lair:2: 1884 daAuts
     D:6: 1446 daAuts
     D:5: 1426 daAuts
     D:4: 1157 daAuts
     D:7: 1040 daAuts
     D:8: 1025 daAuts
     D:2: 857 daAuts
     D:1: 687 daAuts
    D:10: 680 daAuts
     D:3: 629 daAuts
  Lair:3: 522 daAuts
  Temple: 44 daAuts
